 Dungeon Sprint DCSS version 0.17-a0-1582-ge6b0260 (webtiles) character file.

134 nuthulu the Fighter (level 7, -2/52 HPs)
             Began as a Gargoyle Fighter on July 27, 2015.
             Was an Elder of Trog.
             Killed by an exploding giant spore (6 damage)
             ... in the Dungeon (Sprint VI: "Thunderdome").
             The game lasted 00:06:49 (495 turns).

nuthulu the Fighter (Gargoyle Fighter)               Turns: 495, Time: 00:06:49

Health: -2/52      AC: 13    Str: 20    XL:     7   Next: 95%
Magic:  7/7        EV:  8    Int:  8    God:    Trog [****..]
Gold:   37         SH: 11    Dex: 11    Spells: 0 memorised, 6 levels left

rFire  + + .     SeeInvis .     a - +0 flail
rCold  . . .     Clarity  .     b - +0 scale mail
rNeg   + + .     SustAt   .     c - +0 shield
rPois  ∞         Gourm    .     (no helmet)
rElec  +         Spirit   .     (no cloak)
rCorr  .         Warding  .     (no gloves)
rMut   .         NoTele   +     (no boots)
MR     .....                    (no amulet)
Stlth  ++........               r - ring "Lietus" {*Confuse rF++ rN+ Stlth+}
                                q - ring "Geolotil" {+Fly Stlth+}

@: very slightly contaminated, not resistant to hostile enchantments, unstealthy
A: negative energy resistance 1, electricity resistance, unbreathing,
petrification resistance, rot immunity, AC +4
a: Burn Spellbooks, Berserk, Trog's Hand, Brothers in Arms, Renounce Religion,
Evoke Flight


You were in the Dungeon.
You worshipped Trog.
Trog was greatly pleased with you.
You were not hungry.

You visited 1 branch You collected 400 gold pieces.
You spent 363 gold pieces at shops.

Inventory:

Hand weapons
 a - a +0 flail (weapon)
Armour
 b - a +0 scale mail (worn)
 c - a +0 shield (worn)
Jewellery
 q - the ring "Geolotil" (left hand) {+Fly Stlth+}
   (You bought it in a shop in the Dungeon)

   [ring of flight]

   It lets you fly.
   It makes you more stealthy.
 r - the ring "Lietus" (right hand) {*Confuse rF++ rN+ Stlth+}
   (You bought it in a shop in the Dungeon)

   [ring of stealth]

   It greatly protects you from fire.
   It protects you from negative energy.
   It may confuse you when you take damage.
   It makes you more stealthy.
Magical devices
 l - a wand of cold (5)
 m - a wand of fire (5)
Scrolls
 k - 3 scrolls of blinking
 n - 3 scrolls of fog
Potions
 d - 5 potions of might
 f - a potion of curing
 g - 5 potions of heal wounds
 h - 4 potions of haste
 i - 2 potions of magic
 j - a potion of berserk rage
 o - a potion of resistance
 p - a potion of mutation {unknown}
Comestibles
 e - a bread ration
 s - 6 chunks of flesh


   Skills:
 + Level 9.9 Fighting
 + Level 8.8 Maces & Flails
 + Level 9.8 Armour
 + Level 9.7 Shields


You had 6 spell levels left.
You didn't know any spells.

Dungeon Overview and Level Annotations

Branches:
Dungeon (1/1)

Altars:
Cheibriados
Dithmenos
Fedhas
Gozag
Kikubaaqudgha
Makhleb
Okawaru
Qazlal
Ru
Sif Muna
Trog
Vehumet
Xom
Yredelemnul
Zin
The Shining One
Jiyva
Lugonu

Shops:
D *[%??*?*:[((!!!!


Innate Abilities, Weirdness & Mutations

You are resistant to torment.
Your stone body is resilient (AC +4).
You are immune to poison.
You resist negative energy.
You are resistant to electric shocks.
You can survive without breathing.
You are immune to petrification.
You are immune to rotting.


Message History

The explosion of spores engulfs the ballistomycete. x11
You hear an explosion!
The explosion of spores engulfs the ballistomycete. x7
You hear an explosion!
The explosion of spores engulfs the ballistomycete.
You hear an explosion!
The explosion of spores engulfs the ballistomycete. x10
You hear an explosion!
The explosion of spores engulfs the ballistomycete.
You hear an explosion!
The explosion of spores engulfs the ballistomycete. x4
The explosion of spores engulfs the giant spore.
The giant spore explodes!
The explosion of spores engulfs the giant spore.
The giant spore explodes!
The explosion of spores engulfs the ballistomycete. x32
The giant spore explodes!
The explosion of spores engulfs the ballistomycete. x12
The explosion of spores engulfs you!
You die... #.....# ##P.P..## ##∩PPP.PP## #∩PPPPPPPP# #PPPPPPP.P# #_.PPPPPPP# #PPPPPPPPP# ###PPPPPPPPP### #PPP.PP@P.PPPP#

######*8PPPPPPPPP8P######
##∩___PPPPPP###P*PPPP_..∩##
###∩...PPPPP8P# #P8PPPP....∩###
##.....*PPPPPP.###.PPPPP.......##
#⌠.....PPPPP###...###PPP.......⌠#
#⌠.......PPP# #.<.# #PPP..[....⌠#
#⌠.......PP.###...###.PP.......⌠#
##............)###.............##


There were no monsters in sight!

Vanquished Creatures
  A two-headed ogre (D)
  Sigmund (D)
  5 ogres (D)
  A jelly (D)
  3 adders (D)
  4 oozes (D)
  An orc (D)
  A hobgoblin (D)
17 creatures vanquished.

Vanquished Creatures (others)
  658 giant spores (D)
658 creatures vanquished.

Grand Total: 675 creatures vanquished

Notes
Turn   | Place    | Note
--------------------------------------------------------------
     0 | D        | nuthulu the Gargoyle Fighter began the quest for the Orb.
     0 | D        | Reached XP level 1. HP: 14/14 MP: 1/1
     1 | D        | Found an ancient bone altar of Kikubaaqudgha.
     2 | D        | Found a snail-covered altar of Cheibriados.
     2 | D        | Found a stormy altar of Qazlal.
     3 | D        | Found a blossoming altar of Fedhas.
     3 | D        | Found a basalt altar of Yredelemnul.
     4 | D        | Found an iron altar of Okawaru.
     4 | D        | Found a glowing silver altar of Zin.
     4 | D        | Found Padghekosh's Weapon Rack.
     4 | D        | Found Ebeote's Premium Goods.
     5 | D        | Found Xenib's Basic Armour.
     5 | D        | Found Afetusm's Miscellaneous Merchandise.
     5 | D        | Round 1.
     6 | D        | Found a sacrificial altar of Ru.
     7 | D        | Found Isushryst's Do-It-Yourself Clinic.
     7 | D        | Found a shimmering altar of Xom.
     7 | D        | Found Qoezemes's Distillery.
     8 | D        | Found Oshru's Bottled Wisdom.
     8 | D        | Found Japupsav's Distillery.
    10 | D        | Noticed Sigmund
    20 | D        | Killed Sigmund
    20 | D        | Reached skill level 6 in Fighting
    20 | D        | Reached skill level 5 in Maces & Flails
    20 | D        | Reached XP level 2. HP: 15/23 MP: 2/2
    20 | D        | Reached XP level 3. HP: 18/28 MP: 3/3
    20 | D        | Reached XP level 4. HP: 20/32 MP: 4/4
    20 | D        | Reached XP level 5. HP: 23/37 MP: 5/5
    26 | D        | Found a deep blue altar of Sif Muna.
    30 | D        | Bought 6 potions of might for 168 gold pieces
    37 | D        | Found a burning altar of Makhleb.
    38 | D        | Found an opulent altar of Gozag.
    38 | D        | Found Ulacet's Staff Store.
    39 | D        | Found Nyocut's Must-Have Magic.
    39 | D        | Found Pyrr's Magic Scroll Shop.
    40 | D        | Found a shadowy altar of Dithmenos.
    40 | D        | Found a corrupted altar of Lugonu.
    40 | D        | Found Taapt's Magic Scroll Shop.
    52 | D        | Reached skill level 7 in Fighting
    56 | D        | Found a glowing golden altar of the Shining One.
    57 | D        | Found a bloodstained altar of Trog.
    58 | D        | Found a viscous altar of Jiyva.
    59 | D        | Found Rauhusiw's Bee Food.
    59 | D        | Found a radiant altar of Vehumet.
    59 | D        | Found Lufiy's Identification Station.
    60 | D        | Found Bodda's Jewellery.
    60 | D        | Found Toadghus's Advanced Armour.
    66 | D        | Became a worshipper of Trog the Wrathful
   114 | D        | Arena points: 14 (+14) [x2]
   126 | D        | Bought a twitching ivory ring for 45 gold pieces
   126 | D        | Identified the ring "Geolotil" {+Fly Stlth+} (You bought it in a shop in the Dungeon)
   162 | D        | Round 2.
   172 | D        | Acquired Trog's first power
   183 | D        | Acquired Trog's second power
   208 | D        | Reached XP level 6. HP: 9/44 MP: 6/6
   211 | D        | Arena points: 50 (+36) [x3]
   221 | D        | Bought a twitching bone ring for 45 gold pieces
   221 | D        | Identified the ring "Lietus" {*Confuse rF++ rN+ Stlth+} (You bought it in a shop in the Dungeon)
   227 | D        | Round 3.
   276 | D        | Reached skill level 8 in Fighting
   288 | D        | Reached XP level 7. HP: 10/50 MP: 7/7
   325 | D        | Reached skill level 9 in Fighting
   326 | D        | Noticed a two-headed ogre
   332 | D        | Killed a two-headed ogre
   332 | D        | Acquired Trog's third power
   378 | D        | Arena points: 134 (+84) [x4]
   395 | D        | Bought 3 potions of heal wounds for 105 gold pieces
   430 | D        | Round 4.
   495 | D        | Killed by an exploding giant spore

Vault maps used:
D:        arena_sprint

Action                   |  1- 3 |  4- 6 |  7- 9 || total
-------------------------+-------+-------+-------++-------
Melee: Flail             |     7 |    60 |    10 ||    77
  Use: Potion            |     1 |     1 |     2 ||     4
       Scroll            |       |       |     1 ||     1
